 Dungeon Crawl Stone Soup version 0.29-a0-270-g1586fc07ea (webtiles) character file.

Game seed: 8234207496726665111

35 Hubjo the Skirmisher (level 3, -5/29 HPs)
             Began as a Demonspawn Abyssal Knight on Mar 7, 2022.
             Was a Believer of Lugonu.
             Slain by Natasha (8 damage)
             ... on level 2 of the Dungeon.
             The game lasted 00:02:11 (1786 turns).

Hubjo the Skirmisher (Demonspawn Abyssal Knight)    Turns: 1786, Time: 00:02:12

Health: -5/29      AC:  3    Str: 13    XL:     3   Next: 16%
Magic:  5/5        EV: 11    Int: 13    God:    Lugonu [**....]
Gold:   50         SH:  0    Dex: 15    Spells: 2/2 levels left

rFire   . . .      SeeInvis .   a - +1 falchion
rCold   . . .      Faith    .   (no shield)
rNeg    . . .      Spirit   .   b - +0 leather armour
rPois   .          Reflect  .   (no helmet)
rElec   .          Harm     .   (no cloak)
rCorr   .          Rampage  .   (no gloves)
Will    .....                   (no boots)
Stlth   +.........              (no amulet)
HPRegen 0.09/turn               (no ring)
MPRegen 0.09/turn               (no ring)

@: slowed, very slow
A: hooves 1, big brain 1
a: Renounce Religion, Depart the Abyss, Bend Space


You were on level 2 of the Dungeon.
You worshipped Lugonu.
Lugonu was pleased with you.
You visited 1 branch of the dungeon, and saw 2 of its levels.
You visited the Abyss 1 time.

You collected 50 gold pieces.

Inventory:

Hand Weapons
 a - a +1 falchion (weapon)
Armour
 b - a +0 leather armour (worn)
Jewellery
 c - a ring of protection from cold
Scrolls
 e - a scroll of vulnerability
 f - a scroll of holy word
 h - 3 scrolls of magic mapping
 k - a scroll of immolation
Potions
 d - 2 potions of berserk rage
 i - a potion of degeneration {unknown}
 j - 2 potions of heal wounds


   Skills:
 * Level 3.3 Fighting
 + Level 2.0 Long Blades
 + Level 2.0 Armour
 * Level 1.4 Dodging
 * Level 3.1 Invocations


You had 2 spell levels left.
You didn't know any spells.
Your spell library contained the following spells:

 Spells                   Type           Power      Damage    Failure   Level
 Animate Skeleton         Necr           0%         N/A       36%         1
 Pain                     Necr           0%         1d4       36%         1
 Vampiric Draining        Necr           0%         2d6       75%         3


Dungeon Overview and Level Annotations

Branches:
Dungeon (2/15)

Altars:

Annotations:
D:2 Natasha


Innate Abilities, Weirdness & Mutations

You have large cloven feet.
You have an unusually large brain. (Int +2)


Message History

Lugonu accepts your kill. Natasha casts a spell at you.
You resist with significant effort.
You barely miss Natasha.
Natasha is heavily wounded.
Natasha stares at you and mumbles some strange words.
The magic dart hits you.
You are too injured to fight recklessly!
You are too injured to fight recklessly!
You are too injured to fight recklessly!
You are too injured to fight recklessly!
You are too injured to fight recklessly!
You are too injured to fight recklessly!
You are too injured to fight recklessly!
You are too injured to fight recklessly!
You are too injured to fight recklessly!
You are too injured to fight recklessly!
You are too injured to fight recklessly!
You are too injured to fight recklessly!
You barely miss Natasha. You kick Natasha.
Natasha is heavily wounded.
Natasha wildly gestures.
Natasha glows brightly for a moment.
Natasha stares at you and mumbles some strange words.
You feel yourself slow down.
You hit Natasha.
Natasha is severely wounded.
Natasha drinks a potion.
Natasha is healed!
Natasha claws you.
You closely miss Natasha. Your kick misses Natasha. Natasha claws you.
* * * LOW HITPOINT WARNING * * *
Natasha barely misses you.
You hit Natasha but do no damage. You kick Natasha.
Natasha is lightly wounded.
Natasha claws you.
* * * LOW HITPOINT WARNING * * *
Natasha closely misses you.
You completely miss Natasha.
Natasha is lightly wounded.
Natasha claws you!
You die...

. ##### ...
....#####..#
##†......# #.h@..#
.# ......###.###
##... .#### #...#
..... ###.##
......
######..###......
#
..................
#
#########..#......
# ######........ #
#............. #


You could see Natasha.

Vanquished Creatures
  A worm (D:2)
  An orc (D:2)
  4 endoplasms
  3 goblins
  2 hobgoblins
  2 kobolds
  3 quokkas
  3 ball pythons
  4 bats
  3 frilled lizards (D:1)
  4 rats
30 creatures vanquished.

Notes
Turn   | Place    | Note
-------+----------+-------------------------------------------
     0 | Abyss:1  | Hubjo the Demonspawn Abyssal Knight began the quest for the
                  | Orb.
     0 | Abyss:1  | Reached XP level 1. HP: 18/18 MP: 2/2
    93 | Abyss:1  | Noticed a flying skull
    96 | D:1      | Escaped the Abyss
   289 | D:1      | Reached ** piety under Lugonu
   290 | D:1      | Reached skill level 1 in Dodging
   608 | D:1      | Gained mutation: You have an unusually large brain. (Int
                  | +2) [demonic ancestry]
   608 | D:1      | Reached XP level 2. HP: 24/24 MP: 4/4
  1475 | D:2      | Found a faded altar of an unknown god.
  1488 | D:2      | Gained mutation: You have large cloven feet. [demonic
                  | ancestry]
  1488 | D:2      | Reached XP level 3. HP: 14/29 MP: 5/5
  1770 | D:2      | Noticed Natasha
  1786 | D:2      | Slain by Natasha

Illustrated notes

Levels and vault maps discovered:
D:1:      lightli_arrival_maybe_door_vault, layout_loops_ring,
          minmay_misc_feat_pillars, bh_walls_and_bars
D:2:      layout_rooms, hellmonk_ecumenical_altar_blasted, basic_altar,
          uniq_natasha

Skill      XL: |  1  2 |
---------------+-------+-----
Dodging        | 1 |  1.4
Long Blades    | 2 |  2.0
Armour         | 2 |  2.0
Invocations    | 3 |  3.1
Fighting       | |  3.3

Action                   || total
-------------------------++-------
Melee: Falchion          ||    95
       Punch             ||     1
       Kick              ||     4
Invok: Depart the Abyss  ||     1
  Use: Scroll            ||     5
Armor: Leather armour    ||    34
Dodge: Dodged            ||    57

Table legend: (Time is in decaauts)
 A = Elapsed time spent in this place.
 B = Non-inter-level travel time spent in this place.
 C = Inter-level travel time spent in this place.
 D = Time resting spent in this place.
 E = Time spent auto-exploring this place.
 F = Levels seen in this place.
 G = Mean time per level.
                   A        B        C        D        E       F      G
               +--------+--------+--------+--------+--------+-----+--------+
         Total |   1806 |   1768 |     38 |      0 |   1503 |   3 |  602.0 |
       Dungeon |   1710 |   1672 |     38 |      0 |   1410 |   2 |  855.0 |
         Abyss |     96 |     96 |      0 |      0 |     93 |   1 |   96.0 |
               +--------+--------+--------+--------+--------+-----+--------+

Top non-repeatable levels by time:
     D:1: 1334 daAuts
     D:2: 376 daAuts
 Abyss:1: 96 daAuts
